 Dungeon Crawl Stone Soup version 0.21-a0-450-gd87a9b2 (webtiles) character file.

1055 graki42 the Magician (level 8, -2/43 HPs)
             Began as a Deep Elf Fire Elementalist on Nov 18, 2017.
             Slain by a gnoll
             ... wielding a +0 flail
              (4 damage)
             ... on level 6 of the Dungeon.
             The game lasted 00:19:49 (5673 turns).

graki42 the Magician (Deep Elf Fire Elementalist)   Turns: 5673, Time: 00:19:50

Health: -2/43      AC:  3    Str:  7    XL:     8   Next: 5%
Magic:  9/20       EV: 12    Int: 21    God:
Gold:   283        SH:  0    Dex: 15    Spells: 4/20 levels left

rFire    . . .     SeeInvis .   (no weapon)
rCold    . . .     Gourm    .   (no shield)
rNeg     . . .     Faith    .   k - +0 leather armour
rPois    .         Spirit   .   (no helmet)
rElec    .         Reflect  .   (no cloak)
rCorr    .         Harm     .   (no gloves)
MR       .....                  (no boots)
Stlth    +++.......             (no amulet)
HPRegen  0.14/turn              (no ring)
MPRegen  0.17/turn              (no ring)

@: very slightly contaminated
A: no striking features
a: no special abilities


You were on level 6 of the Dungeon.
You were near starving.

You visited 2 branches of the dungeon, and saw 8 of its levels.
You also visited: Sewer.

You collected 283 gold pieces.

Inventory:

Armour
 a - a +0 robe
 k - a +0 leather armour (worn)
Wands
 f - a wand of digging (24/24)
Scrolls
 d - 5 scrolls of identify
 e - a scroll of immolation
 g - 4 scrolls of remove curse
 n - 2 scrolls of fog
Potions
 b - a potion of flight
 i - a potion of haste
 j - 2 potions of curing
 l - 2 potions of agility
 o - a potion of heal wounds {unknown}
 r - a potion of might
 v - a potion of magic
Books
 p - a book of Maledictions

   Spells                             Type                      Level
   a - Corona                         Hexes                        1
   b - Ensorcelled Hibernation        Hexes/Ice                    2
   c - Confuse                        Hexes                        3
   d - Tukima's Dance                 Hexes                        3
   e - Dazzling Spray                 Conjuration/Hexes            3
Comestibles
 c - 8 bread rations
 h - 2 royal jellies
 m - 4 fruits
 q - 2 meat rations


   Skills:
 + Level 1.2 Fighting
 + Level 2.0 Armour
 + Level 3.0 Dodging
 + Level 4.3 Stealth
 + Level 6.7 Spellcasting
 + Level 4.7 Conjurations
 + Level 1.0 Hexes
 + Level 6.3 Fire Magic


You had 4 spell levels left.
You knew the following spells:

 Your Spells              Type           Power        Failure   Level  Hunger
a - Flame Tongue          Conj/Fire      ####.        1%          1    None
b - Conjure Flame         Conj/Fire      ####....     4%          3    #......
c - Inner Flame           Hex/Fire       ###.....     9%          3    #......
d - Sticky Flame          Conj/Fire      ####....     13%         4    ###....
e - Fireball              Conj/Fire      ####......   36%         5    #####..


Dungeon Overview and Level Annotations

Branches:
Dungeon (7/15)             Temple (1/1) D:5

Altars:
Cheibriados
Elyvilon
Gozag
Kikubaaqudgha
Makhleb
Nemelex Xobeh
Okawaru
Qazlal
Ru
Sif Muna
Trog
Wu Jian
Xom
Zin
The Shining One

Annotations:
D:5 Grinder


Message History

The flame tongue hits the gnoll.
The gnoll is almost dead.
The leopard gecko bites you.
* * * LOW HITPOINT WARNING * * *
The quokka bites you.
* * * LOW HITPOINT WARNING * * *
The gnoll hits you with a club.
* * * LOW HITPOINT WARNING * * *
The leopard gecko closely misses you.
Casting: Flame Tongue
Confirm with . or Enter, or press ? or * to list all spells.
Aiming: Flame Tongue
Press: ? - help, Shift-Dir - straight line, f/p - gnoll
Aim: a gnoll, wielding a club (almost dead)
The flame tongue hits the gnoll.
You kill the gnoll!
Your Hexes skill increases to level 1!
The quokka bites you but does no damage.
The gnoll hits you with a flail.
You die...

#.....##.........#
###..............#.. ##
....................
#.##...................
##.#.........#..........
#.#....#....#...........
##..##..................
...............g@†......
.............(.lr).....#
................#..#....
................#.......
................##...# .
..##.................#
.##.#....#.........##.#
.##.##.............. ..
#.#. #.....###...##.


You could see a gnoll, a leopard gecko and a quokka.

Vanquished Creatures
  A sky beast (D:5)
  An ice beast (D:5)
  A centaur (D:5)
  A big kobold (Sewer)
  2 scorpions
  A howler monkey (D:5)
  2 hounds
  An orc priest (D:5)
  An iguana (D:4)
  Ijyb (D:3)
  7 orc wizards
  A worker ant (D:5)
  The ghost of p0werm0de the Charmwright, a weakling VSSk (D:3)
  5 gnolls
  6 adders
  2 oozes
  An adder zombie (D:5)
  An adder skeleton (D:4)
  A worm (D:3)
  A dart slug (D:2)
  7 leopard geckos
  16 orcs
  9 giant cockroaches
  8 goblins
  3 hobgoblins
  5 jackals
  11 kobolds
  2 ball pythons
  9 bats
  5 frilled lizards
  A quokka skeleton (D:4)
  14 rats
128 creatures vanquished.

Notes
Turn   | Place    | Note
-------+----------+-------------------------------------------
     0 | D:1      | graki42 the Deep Elf Fire Elementalist began the quest for the Orb.
     0 | D:1      | Reached XP level 1. HP: 10/10 MP: 6/6
    58 | D:1      | Reached XP level 2. HP: 15/15 MP: 1/8
   439 | D:1      | Reached XP level 3. HP: 11/19 MP: 0/10
   775 | D:2      | Learned a level 3 spell: Conjure Flame
   779 | D:2      | Learned a level 3 spell: Inner Flame
  1745 | D:3      | Noticed p0werm0de's ghost (weakling VSSk)
  2183 | D:3      | Reached XP level 4. HP: 24/24 MP: 10/12
  2256 | D:3      | Learned a level 4 spell: Sticky Flame
  2550 | D:3      | Found a deep blue altar of Sif Muna.
  2550 | D:3      | Noticed Ijyb
  2590 | D:3      | Killed Ijyb
  2590 | D:3      | Reached skill level 5 in Spellcasting
  2590 | D:3      | Reached XP level 5. HP: 24/28 MP: 0/14
  2711 | D:3      | Killed p0werm0de's ghost
  3074 | D:3      | Reached skill level 1 in Armour
  3250 | D:4      | Reached XP level 6. HP: 32/32 MP: 4/16
  3376 | D:4      | Found a snail-covered altar of Cheibriados.
  3385 | D:4      | Reached skill level 5 in Fire Magic
  3687 | D:5      | Entered Level 5 of the Dungeon
  3754 | D:5      | Found a staircase to the Ecumenical Temple.
  3764 | Temple   | Entered the Ecumenical Temple
  4091 | D:5      | Found a glowing drain.
  4103 | Sewer    | Entered a sewer
  4177 | Sewer    | Reached XP level 7. HP: 36/36 MP: 10/17
  4186 | Sewer    | Learned a level 5 spell: Fireball
  4201 | Sewer    | Found a white marble altar of Elyvilon.
  4449 | D:5      | Reached skill level 1 in Fighting
  5293 | D:5      | Noticed Grinder
  5386 | D:7      | Reached XP level 8. HP: 5/43 MP: 9/20
  5672 | D:6      | HP: 2/43 [gnoll/club (5)]
  5673 | D:6      | Reached skill level 1 in Hexes
  5673 | D:6      | Slain by a gnoll

Vault maps used:
D:1:      lemuel_arrival_hallway, serial_glass, glass_columns_c,
          glass_columns_a, minmay_misc_feat_secret_circle
D:3:      led_sif_book, first_bread, uniq_ijyb
D:4:      cheibriados_altar_1
D:5:      temple_hall, gup_sewer_entry_pipe, st_stairs_10, uniq_grinder
D:6:      eat_drink_and_be_merry_uskayaw, grunt_temple_overflow_open,
          enter_ossuary_2
D:7:      serial_shops, shop
Temple:   oiseaux_autumnal_temple
Sewer:    sewer_kobolds

Skill      XL: |  1  2  3  4  5  6  7  8 |
---------------+-------------------------+-----
Stealth        | 3 4 |  4.3
Spellcasting   | 4 5 6 |  6.7
Fire Magic     | 4 5 6 |  6.3
Conjurations   | 2 3 4 |  4.7
Armour         | 1 2 |  2.0
Fighting       | 1 |  1.2
Dodging        | 3 |  3.0
Hexes          | 1 |  1.0

Action                   |  1- 3 |  4- 6 |  7- 9 || total
-------------------------+-------+-------+-------++-------
Melee: Unarmed           |       |     8 |       ||     8
 Cast: Flame Tongue      |    82 |   113 |    44 ||   239
       Conjure Flame     |     1 |     1 |     2 ||     4
       Inner Flame       |       |     1 |     3 ||     4
       Sticky Flame      |       |     3 |     6 ||     9
  Use: Potion            |       |     5 |     2 ||     7
       Scroll            |       |    10 |     1 ||    11
  Eat: Chunk             |     3 |     8 |     4 ||    15
Armor: Robe              |     3 |       |       ||     3
       Leather armour    |    10 |     9 |    19 ||    38
Dodge: Dodged            |    33 |    29 |    42 ||   104

Table legend:
 A = Spawn XP
 B = Non-spawn XP
 C = Spawn XP percentage of total XP
 D = Spawn monster count
 E = Non-spawn monster count
 F = Spawn count percentage of total count
 G = Total turns spent on level
                    A         B        C        D         E        F      G
               +---------+---------+-------+---------+---------+-------+---------
         Total |       0 |    1508 |   0.0 |       0 |     128 |   0.0 |  5673
               +---------+---------+-------+---------+---------+-------+---------
           D:1 |       0 |      42 |   0.0 |       0 |      24 |   0.0 |   767
           D:2 |       0 |      29 |   0.0 |       0 |       9 |   0.0 |  1030
           D:3 |       0 |     285 |   0.0 |       0 |      37 |   0.0 |  1300
           D:4 |       0 |     121 |   0.0 |       0 |      10 |   0.0 |   691
           D:5 |       0 |     811 |   0.0 |       0 |      34 |   0.0 |  1165
           D:6 |       0 |      28 |   0.0 |       0 |       2 |   0.0 |    57
           D:7 |       0 |      80 |   0.0 |       0 |       2 |   0.0 |   295
         Sewer |       0 |     112 |   0.0 |       0 |      10 |   0.0 |   159
               +---------+---------+-------+---------+---------+-------+---------
